Map: Dusty Gorge

Players

BizMac

  • Race: Protoss Protoss
  • Spawn Location: 3:00

ILIEKEGGPIE

  • Race: Terran Terran
  • League: Platinum
  • Spawn Location: 5:00

BigMac - Winner!

  • Race: Zerg Zerg
  • League: Diamond
  • Spawn Location: 11:00

exgrin - Winner!

  • Race: Zerg Zerg
  • Spawn Location: 9:00

VOD

Have the link to the VOD?

Description

Time

  • Played on: May 23, 2018, 7:45 p.m.
  • Length: 12:23
Show
View Real Time Build Order
Export as new Build Order

BizMac Protoss 

Build Orders:  

Get SALT Encoding   

  12  0:01  Probe  
  13  0:14  Probe  
  14  0:23  Pylon  
  14  0:31  Probe  
  15  0:39  Assimilator  
  15  0:41  Probe  
  15  0:49  Probe  
  16  0:54  Gateway  
  17  0:58  Probe  
  18  1:12  Probe  
  18  1:17  Assimilator  
  19  1:25  Pylon  
  19  1:34  Probe  
  20  1:42  Probe  
  20  1:46  Zealot  
  23  1:51  Probe  
  23  1:57  Cybernetics Core  
  24  2:08  Forge  
  24  2:11  Gateway  
  24  2:29  Gateway  
  24  2:36  Gateway  
  24  2:48  Pylon  
  24  3:02  Stalker  
  26  3:18  Probe, Nexus  
  27  3:42  Stalker  
  27  3:48  Protoss Ground Weapons Level 1  
  29  4:11  Twilight Council  
  29  4:15  Zealot, Pylon  
  29  4:24  Zealot x2  
  23  4:50  Probe  
  24  5:03  Cybernetics Core  
  24  5:09  Pylon  
  24  5:20  Probe  
  25  5:33  Probe  
  26  5:37  Zealot  
  26  5:41  Probe  
  28  5:45  Photon Cannon  
  28  5:49  Probe  
  30  5:59  Probe, Warp Gate  
  31  6:06  Pylon  
  31  6:10  Nexus  
  31  6:11  Probe x2  
  33  6:19  Probe  
  33  6:25  Blink  
  32  6:43  Stalker x2, Probe  
  32  6:44  Stalker  
  38  6:51  Assimilator, Probe  
  40  7:01  Probe  
  40  7:07  Probe  
  42  7:21  Probe  
  43  7:34  Probe  
  44  7:37  Gateway  
  44  7:43  Photon Cannon  
  44  7:46  Probe  
  44  7:49  Photon Cannon  
  45  7:51  Probe  
  45  7:56  Pylon  
  46  7:59  Probe  
  46  8:04  Probe  
  47  8:06  Probe  
  47  8:09  Probe  
  50  8:13  Probe  
  50  8:17  Assimilator  
  50  8:18  Charge  
  51  8:21  Probe  
  51  8:22  Probe  
  51  8:24  Stalker  
  51  8:25  Stalker x2  
  59  8:30  Photon Cannon  
  59  8:52  Gateway  
  59  8:55  Gateway  
  59  8:57  Probe  
  59  8:58  Gateway  
  59  8:59  Probe  
  59  9:02  Robotics Facility  
  60  9:05  Probe  
  60  9:07  Probe  
  60  9:09  Photon Cannon  
  62  9:12  Photon Cannon  
  62  9:15  Assimilator, Probe  
  63  9:17  Probe  
  63  9:20  Assimilator  
  63  9:38  Stalker x3  
  63  9:39  Stalker  
  69  9:51  Immortal  
  73  9:53  Zealot x3  
  67  10:17  Stalker  
  67  10:18  Stalker x3  
  67  10:19  Zealot  
  56  10:49  Stalker  
  58  10:50  Stalker x5  
  58  10:51  Stalker  
  56  11:14  Stalker x4  
Show
View Real Time Build Order
Export as new Build Order

ILIEKEGGPIE Terran 

Build Orders: Reaper Expand, MMM Bio 

Get SALT Encoding   

  12  0:01  SCV  
  13  0:13  SCV  
  14  0:18  Supply Depot  
  14  0:25  SCV  
  15  0:40  SCV  
  16  0:43  Barracks  
  16  0:52  SCV  
  16  0:53  Refinery  
  17  1:04  SCV  
  18  1:16  SCV  
  19  1:33  Supply Depot  
  19  1:36  Orbital Command  
  19  1:46  Command Center  
  19  1:53  Reaper  
  20  2:03  SCV  
  21  2:15  SCV  
  22  2:19  Barracks  
  22  2:25  Barracks Reactor  
  22  2:27  SCV  
  22  2:29  Refinery  
  23  2:34  Factory  
  23  2:41  SCV  
  24  2:54  SCV  
  25  3:03  Marine x2  
  27  3:09  SCV  
  27  3:10  Barracks Tech Lab  
  28  3:13  Barracks  
  28  3:18  Factory Reactor  
  28  3:21  Marine x2  
  28  3:22  SCV  
  31  3:30  Orbital Command  
  31  3:34  SCV  
  31  3:35  Marine  
  32  3:41  Marine  
  32  3:47  SCV, Combat Shields  
  34  3:59  SCV  
  34  4:00  Marine x2  
  34  4:01  Barracks Tech Lab  
  37  4:04  Starport  
  37  4:06  SCV  
  38  4:11  SCV  
  38  4:15  Marauder  
  41  4:26  Marine x2  
  41  4:27  Marauder  
  45  4:44  Marine  
  46  4:50  Supply Depot  
  46  4:55  Supply Depot  
  46  5:11  Marauder x2, Marine x2  
  51  5:29  Marine x2  
  51  5:32  Medivac x2, Marine  
  51  5:33  Marauder  
  51  5:34  Stimpack  
  60  5:44  Supply Depot, SCV  
  60  5:45  SCV  
  60  5:47  Refinery  
  62  5:50  Engineering Bay  
  62  5:51  Engineering Bay  
  62  5:52  Refinery  
  62  6:05  Marine x3  
  62  6:06  Marauder, SCV x2  
  62  6:07  Supply Depot  
  69  6:18  SCV  
  70  6:28  Medivac, SCV  
  70  6:29  Medivac  
  75  6:38  Marine  
  75  6:39  Marauder  
  78  6:42  Supply Depot  
  78  6:44  Armory, Supply Depot  
  78  7:04  Marauder, Medivac, Marine  
  69  7:25  Marine x3  
  69  7:26  Marauder  
  74  7:34  SCV x2  
  74  7:35  Terran Infantry Weapons Level 1, Terran Infantry Armor Level 1  
  76  7:37  Supply Depot x2  
  76  7:47  Barracks  
  74  8:01  Marine  
  74  8:02  Marauder, Marine  
  71  8:07  Marine  
  68  8:19  Marine x2  
  69  8:23  Marauder  
  69  8:26  Marine  
  70  8:33  Barracks  
  70  8:36  Barracks  
  70  8:37  Marine  
  70  8:38  Barracks  
  71  8:47  Concussive Shells  
  71  8:49  Barracks Reactor  
  71  9:03  Marine  
  71  9:04  Marauder x2  
  71  9:06  Marine  
  77  9:21  Marine  
  69  9:43  Marine x2  
  69  9:44  Marauder, Marine  
  69  9:45  Marauder  
  71  9:46  Barracks Reactor, Barracks Tech Lab  
  71  9:49  Medivac x2  
  71  9:51  Marine x2  
  77  9:53  Terran Infantry Weapons Level 2  
  77  9:54  Terran Infantry Armor Level 2  
  77  9:57  Barracks  
  77  9:58  Barracks  
  77  10:06  Marauder  
  78  10:11  Command Center, Marauder, Marine x2  
  64  10:27  Marauder  
  66  10:33  Marine  
  67  10:42  Marine  
  67  10:43  Marauder, Marine x3  
  67  10:49  Marauder  
  75  10:52  Marine x2  
  75  10:53  Marine x2  
  75  10:54  Marine  
  79  11:04  Marauder  
  79  11:10  Marauder  
  80  11:16  Marine x2  
  80  11:17  Marine  
  75  11:26  Marauder  
  75  11:31  Marauder, Marine  
Show
View Real Time Build Order
Export as new Build Order

BigMac Zerg - Winner!

Build Orders: Hatch First, Lurkers 

Get SALT Encoding   

  12  0:01  Drone  
  13  0:13  Overlord  
  13  0:18  Drone  
  14  0:33  Drone x2  
  16  0:38  Drone  
  17  0:55  Hatchery  
  16  0:57  Extractor  
  16  0:58  Drone  
  16  1:08  Drone  
  17  1:18  Spawning Pool  
  16  1:20  Drone  
  16  1:22  Drone  
  18  1:30  Drone  
  19  1:41  Overlord  
  19  2:04  Queen  
  19  2:05  Metabolic Boost  
  19  2:06  Queen  
  19  2:07  Drone  
  24  2:19  Drone x3  
  24  2:21  Zergling x2  
  28  2:30  Drone  
  28  2:33  Zergling x2  
  30  2:45  Queen  
  30  2:46  Overlord  
  32  3:01  Queen  
  32  3:02  Drone  
  32  3:03  Drone  
  36  3:08  Overlord  
  36  3:11  Drone  
  37  3:25  Drone  
  38  3:27  Hatchery  
  38  3:32  Drone x2  
  39  3:42  Zergling x2  
  39  3:43  Zergling x4  
  42  3:51  Drone x3  
  42  3:52  Spore Crawler  
  42  3:53  Drone  
  44  3:56  Extractor  
  44  3:58  Drone x5  
  44  3:59  Extractor  
  46  4:06  Spore Crawler  
  46  4:07  Zergling x4  
  46  4:09  Drone  
  48  4:10  Drone  
  48  4:16  Lair  
  47  4:40  Evolution Chamber  
  47  4:42  Evolution Chamber  
  47  4:44  Drone x3  
  47  4:45  Drone  
  48  4:47  Zergling x8  
  52  4:57  Drone x2  
  54  5:08  Drone x2  
  54  5:09  Drone x2  
  58  5:15  Baneling Nest, Drone  
  58  5:16  Overlord x3, Evolution Chamber  
  55  5:21  Zerg Melee Weapons Level 1, Hydralisk Den  
  52  5:33  Drone x3  
  55  5:36  Drone x4, Extractor  
  55  5:42  Evolution Chamber  
  57  5:49  Drone x3  
  61  5:50  Drone x3  
  61  5:51  Overlord x4  
  64  6:01  Zerg Missile Weapons Level 1  
  64  6:02  Centrifical Hooks  
  64  6:04  Grooved Spines  
  64  6:08  Zerg Ground Armor Level 1  
  64  6:13  Overseer  
  64  6:20  Drone  
  64  6:21  Drone x2  
  64  6:24  Drone x4  
  64  6:25  Drone x2  
  73  6:26  Overlord  
  73  6:27  Overlord  
  71  6:35  Zergling x6  
  71  6:36  Hydralisk x2  
  78  6:40  Extractor  
  78  6:44  Zergling x2  
  78  6:49  Hydralisk x4  
  78  6:51  Zergling x4  
  88  6:55  Baneling x4  
  88  6:56  Zergling x4  
  90  7:06  Baneling x2, Hydralisk x3  
  90  7:07  Hydralisk  
  96  7:16  Zergling x2  
  96  7:19  Hydralisk x2  
  96  7:20  Hydralisk  
  100  7:23  Spore Crawler  
  100  7:25  Drone  
  100  7:27  Extractor  
  99  7:30  Lurker Den  
  99  7:31  Drone  
  99  7:32  Drone  
  99  7:34  Drone x2  
  99  7:35  Drone x3  
  105  7:41  Overlord x3  
  105  7:57  Spore Crawler  
  104  7:59  Hydralisk x2  
  104  8:00  Spine Crawler, Hydralisk x5  
  104  8:02  Zergling x6  
  104  8:03  Zergling x2  
  121  8:09  Baneling  
  121  8:10  Baneling x5  
  121  8:12  Muscular Augments  
  122  8:20  Zergling x12  
  122  8:21  Zerg Melee Weapons Level 2  
  127  8:28  Zerg Missile Weapons Level 2  
  127  8:38  Drone  
  127  8:39  Drone  
  129  8:51  Overlord x2  
  129  8:53  Overlord x4  
  129  8:55  Hatchery  
  129  8:58  Pneumatized Carapace  
  129  9:01  Zerg Ground Armor Level 2  
  128  9:03  Zergling x2  
  128  9:05  Baneling x2  
  128  9:06  Baneling x6  
  125  9:24  Hydralisk x5  
  125  9:25  Hydralisk  
  125  9:30  Zergling x2  
  134  9:31  Hydralisk x4  
  142  9:39  Hydralisk x2  
  142  9:43  Baneling x3  
  145  9:45  Zergling x6  
  145  9:46  Zergling x10  
  151  10:03  Hydralisk x2  
  151  10:04  Hydralisk x5  
  157  10:13  Zergling x8  
  157  10:14  Zergling x2  
  158  10:27  Zergling x4  
  158  10:28  Zergling x6  
  161  10:31  Baneling x3  
  161  10:32  Baneling x2  
  161  10:33  Lurker  
  161  10:34  Lurker x2  
  163  10:41  Hydralisk x3  
  168  10:46  Lurker  
  168  10:52  Extractor  
  168  10:53  Extractor  
  146  11:20  Drone x2  
  146  11:21  Drone x3  
  146  11:25  Infestation Pit  
  146  11:26  Overlord  
  142  11:45  Hydralisk x2  
  146  11:48  Zergling x4  
  146  11:49  Zergling x12  
  146  11:50  Zergling x10  
  146  11:51  Hydralisk  
  146  11:53  Hydralisk x2  
  146  11:54  Hydralisk x2  
  163  11:59  Spore Crawler  
  163  12:01  Spine Crawler  
Show
View Real Time Build Order
Export as new Build Order

exgrin Zerg - Winner!

Build Orders: Hatch First, Zergling Baneling 

Get SALT Encoding   

  12  0:01  Drone  
  13  0:13  Overlord  
  13  0:20  Drone  
  14  0:31  Drone x2  
  16  0:39  Drone  
  17  0:57  Hatchery  
  17  1:02  Drone x2  
  18  1:08  Extractor  
  17  1:15  Drone  
  18  1:26  Spawning Pool  
  18  1:28  Drone  
  18  1:29  Drone  
  19  1:40  Drone  
  20  1:57  Overlord  
  20  2:07  Drone  
  21  2:13  Queen  
  21  2:14  Queen  
  26  2:15  Drone  
  26  2:17  Drone  
  27  2:27  Drone x2  
  29  2:31  Extractor  
  29  2:35  Drone x2  
  30  2:44  Metabolic Boost  
  30  2:49  Baneling Nest  
  29  3:05  Zergling x2  
  29  3:06  Zergling x10  
  35  3:16  Overlord  
  35  3:18  Overlord  
  35  3:29  Drone  
  36  3:45  Zergling x2  
  36  3:46  Zergling x10  
  42  3:54  Baneling x4  
  42  3:55  Baneling x6  
  42  3:56  Baneling x2  
  42  3:58  Zergling x4  
  44  4:03  Drone  
  44  4:05  Drone x3  
  44  4:06  Drone x2  
  44  4:27  Zergling x8  
  42  4:48  Zergling x6  
  42  4:49  Zergling x8  
  47  5:00  Lair  
  47  5:02  Drone x3  
  47  5:03  Drone x2  
  47  5:06  Overlord x3  
  52  5:13  Baneling  
  48  5:34  Baneling x6  
  48  5:35  Baneling  
  48  5:36  Drone x3  
  48  5:37  Drone x2  
  48  5:40  Drone x2  
  48  5:41  Drone  
  56  5:44  Extractor  
  56  5:47  Extractor  
  54  5:55  Zergling x4  
  54  5:56  Zergling x6  
  59  6:01  Roach Warren  
  58  6:06  Queen  
  58  6:07  Hatchery  
  58  6:08  Queen  
  54  6:41  Roach x4  
  54  6:42  Roach x4  
  70  6:51  Spore Crawler  
  70  6:54  Spore Crawler  
  68  6:55  Drone  
  68  6:56  Drone x2  
  71  7:06  Roach x2  
  71  7:20  Roach  
  71  7:21  Roach x4  
  71  7:22  Glial Reconstitution  
  80  7:28  Evolution Chamber  
  79  7:31  Drone x2  
  79  7:32  Evolution Chamber  
  79  7:35  Drone  
  81  7:37  Overlord x3  
  81  7:38  Overlord  
  81  7:54  Queen, Zerg Missile Weapons Level 1  
  75  8:03  Roach  
  75  8:04  Roach x7  
  83  8:06  Spore Crawler  
  83  8:10  Drone x3  
  85  8:18  Zerg Ground Armor Level 1  
  85  8:19  Roach  
  87  8:20  Roach x2  
  87  8:22  Roach  
  93  8:48  Drone  
  93  8:49  Drone x3  
  93  8:50  Drone x6  
  93  8:51  Drone  
  104  8:56  Overlord x2  
  104  8:57  Overlord  
  104  9:05  Infestation Pit  
  93  9:24  Zergling x2  
  93  9:25  Zergling x26  
  93  9:30  Drone  
  106  9:44  Drone  
  106  9:45  Drone x3  
  110  9:48  Zerg Melee Weapons Level 1  
  110  9:49  Spine Crawler  
  110  9:51  Spine Crawler  
  108  9:56  Drone  
  108  9:57  Queen, Drone x2, Spine Crawler  
  112  10:03  Hive  
  106  10:15  Roach x3  
  106  10:16  Roach x5  
  119  10:32  Queen  
  117  11:03  Roach x9  
  135  11:11  Extractor  
  135  11:13  Extractor  
  135  11:14  Drone x4  
  135  11:16  Overlord x3  
  137  11:26  Hatchery  
  136  11:44  Roach  
  136  11:45  Roach x11  
  155  12:13  Hatchery  
Tags
 
Add a new tag
Caveats
  • Supply blocks, unpowered buildings, or Contaminate may cause inaccurate times.
  • Supply counts are checked every 10 seconds.